Map: Dash and Terminal LE (Void)

Players

wabbajack

  • Race: Zerg Zerg
  • League: Grandmaster

llllllllllll - Winner!

  • Race: Terran Terran
  • League: Grandmaster

VOD

Have the link to the VOD?

Description

Time

  • Played on: July 15, 2015, 3:43 p.m.
  • Length: 4:32
Show
View Real Time Build Order
Export as new Build Order

wabbajack Zerg 

Build Orders: Hatch First 

Get SALT Encoding   

  12  0:01  Drone  
  13  0:13  Overlord  
  13  0:22  Drone  
  13  0:25  Drone, Extractor  
  15  0:33  Drone  
  16  0:36  Drone  
  17  0:56  Hatchery  
  16  0:59  Drone x2  
  16  1:02  Extractor  
  17  1:09  Drone  
  18  1:23  Spawning Pool  
  17  1:29  Drone x2  
  19  1:51  Overlord  
  19  2:11  Queen x2  
  19  2:15  Metabolic Boost  
  23  2:18  Zergling x4  
  23  2:19  Drone x3  
  28  2:31  Overlord  
  28  2:32  Drone  
  29  2:46  Pneumatized Carapace  
  28  3:03  Zergling x12  
  29  3:14  Spine Crawler  
  28  3:20  Spine Crawler  
  28  3:23  Zergling x2  
  13  4:07  Zergling x8  
  13  4:08  Zergling x2  
  18  4:15  Zergling x2  
Show
View Real Time Build Order
Export as new Build Order

llllllllllll Terran - Winner!

Build Orders:  

Get SALT Encoding   

  12  0:30  Supply Depot  
  12  0:43  SCV  
  13  1:07  Barracks  
  13  1:09  Barracks  
  13  1:14  SCV  
  14  1:26  SCV  
  15  1:35  Barracks  
  15  1:40  SCV  
  16  1:55  Orbital Command  
  16  1:57  Marine x2  
  18  2:10  Supply Depot  
  18  2:12  Supply Depot  
  18  2:19  Marine x2  
  20  2:29  SCV  
  21  2:31  Marine  
  22  2:39  Marine x2  
  23  3:02  Bunker  
  23  3:11  Marine x3  
  25  3:25  SCV  
  22  3:29  Marine x3  
  19  3:47  Marine x3  
  19  4:00  Bunker  
  19  4:05  SCV  
Tags
 
Add a new tag
Caveats
  • Supply blocks, unpowered buildings, or Contaminate may cause inaccurate times.
  • Supply counts are checked every 10 seconds.